 Dungeon Crawl Stone Soup version 0.16.2-12-gd0ad4c3 (webtiles) character file.

139 pigpen the Skirmisher (level 5, -1/47 HPs)
             Began as a Minotaur Berserker on Oct 2, 2015.
             Was a Believer of Trog.
             Slain by an orc
             ... wielding a +0 trident
              (4 damage)
             ... on level 3 of the Dungeon.
             The game lasted 00:42:18 (4210 turns).

pigpen the Skirmisher (Minotaur Berserker)          Turns: 4210, Time: 00:42:23

Health: -1/47      AC:  9    Str: 23    XL:     5   Next: 1%
Magic:  2/2        EV:  8    Int:  4    God:    Trog [**....]
Gold:   70         SH:  0    Dex:  9    Spells: 0 memorised, 4 levels left

rFire  . . .     SeeInvis .     J - +0 mace
rCold  . . .     Clarity  .     A - +0 chain mail
rNeg   . . .     SustAb   .     (no shield)
rPois  .         Gourm    .     (helmet restricted)
rElec  .         Spirit   .     (no cloak)
rCorr  .         Warding  .     (no gloves)
rMut   .         Stasis   .     (no boots)
MR     .....                    (no amulet)
Stlth  ..........               (no ring)
                                (no ring)

@: not resistant to hostile enchantments, extremely unstealthy
A: retaliatory headbutt, horns 2
a: Burn Spellbooks, Berserk, Trog's Hand, Renounce Religion


You were on level 3 of the Dungeon.
You worshipped Trog.
Trog was pleased with you.
You were not hungry.

You visited 1 branch of the dungeon, and saw 3 of its levels.

You collected 70 gold pieces.

Inventory:

Hand weapons
 a - a +0 club
 e - a +0 hunting sling
 u - a +0 club
 v - a +0 club
 x - a +0 hand axe
 B - a +0 hand axe
 F - a +0 club
 G - a +0 club
 J - a +0 mace (weapon)
Missiles
 f - 16 stones (quivered)
 m - 12 steel sling bullets
 t - 14 arrows
 w - 18 sling bullets
 K - 6 javelins
Armour
 d - a cursed +0 leather armour
 g - a +0 ring mail
 i - a +0 ring mail
 j - a +0 leather armour
 o - a +0 scale mail
 y - a +0 ring mail
 A - a +0 chain mail (worn)
Scrolls
 h - 4 scrolls of identify {unknown}
 k - a scroll of enchant weapon {unknown}
 l - a scroll of blinking {unknown}
 n - a scroll of magic mapping {unknown}
 p - a scroll of immolation {unknown}
 q - a scroll of remove curse {unknown}
 s - a scroll of amnesia {unknown}
 E - a scroll of fog {unknown}
 H - a scroll of teleportation {unknown}
Potions
 b - a potion of resistance {unknown}
 z - 2 potions of might {unknown}
 C - a potion of cancellation {unknown}
 D - a potion of flight {unknown}
 I - a potion of haste {unknown}


   Skills:
 + Level 4.6 Fighting
 - Level 4.1(4.5) Axes
 * Level 3.0(4.0) Maces & Flails
 + Level 3.8 Armour
 - Level 2.5 Dodging


You had 4 spell levels left.
You didn't know any spells.

Dungeon Overview and Level Annotations

Branches:
Dungeon (3/15)

Altars:
Nemelex Xobeh
Yredelemnul
The Shining One


Innate Abilities, Weirdness & Mutations

You reflexively headbutt those who attack you in melee.
You have a pair of horns on your head.


Message History

The orc hits you but does no damage.
The orc hits you from afar with a trident.
Your chain mail prevents you from hitting the orc.
The orc completely misses you. The orc hits you but does no damage.
The orc hits you from afar with a trident.
* * * LOW HITPOINT WARNING * * *
You hit the orc but do no damage. Your headbutt misses the orc.
The orc hits you but does no damage.
The orc hits you with a falchion of holy wrath.
* * * LOW HITPOINT WARNING * * *
The orc hits you from afar with a trident.
* * * LOW HITPOINT WARNING * * *
Drink which item? (? for menu, Esc to quit)
You feel better.
The orc hits you with a falchion of holy wrath.
* * * LOW HITPOINT WARNING * * *
The orc hits you with a flail.
* * * LOW HITPOINT WARNING * * *
The orc hits you from afar with a trident.
You die...

..#
#...#.......#.##
..#
#....#.......#..'.
..#
#........_...o..#
..#
#....#...(...#o##
..#
.##.#..(....#.#
..# . ##.....##.#
..#
#..####(####.###
..#
#.........ooo..#
..#
#.##..###)@#.#.#
..# #.#
##......... ..# #.
#...#.### ..# #
#...#... ..#
#..>..#.. #.###.#.
#.# .# #.# #.#


You could see 3 orcs.

Vanquished Creatures
  An orc priest (D:3)
  3 adders
  4 worms
  2 oozes
  2 giant geckos (D:1)
  An orc (D:3)
  7 bats
  A giant cockroach (D:2)
  2 goblins (D:2)
  6 hobgoblins
  A quokka (D:3)
  8 giant newts
  9 kobolds
  22 rats
69 creatures vanquished.

Notes
Turn   | Place    | Note
--------------------------------------------------------------
     0 | D:1      | pigpen, the Minotaur Berserker, began the quest for the Orb.
     0 | D:1      | Reached XP level 1. HP: 19/19 MP: 1/1
    78 | D:1      | Reached skill level 4 in Fighting
    92 | D:1      | Found a glowing golden altar of the Shining One.
   192 | D:1      | Reached XP level 2. HP: 22/27 MP: 1/1
   498 | D:1      | Acquired Trog's second power
  1281 | D:1      | Reached XP level 3. HP: 28/33 MP: 2/2
  2471 | D:2      | Reached skill level 1 in Maces & Flails
  2542 | D:2      | Found a sparkling altar of Nemelex Xobeh.
  3465 | D:3      | Reached XP level 4. HP: 31/41 MP: 2/2
  4163 | D:3      | Found a basalt altar of Yredelemnul.
  4207 | D:3      | Reached XP level 5. HP: 19/47 MP: 2/2
  4210 | D:3      | Slain by an orc

Action                   |  1- 3 |  4- 6 || total
-------------------------+-------+-------++-------
Melee: Hand axe          |    51 |       ||    51
       Club              |    57 |       ||    57
       Mace              |    11 |    53 ||    64
Throw: Stone             |     1 |       ||     1
  Use: Potion            |     2 |     1 ||     3
  Eat: Chunk             |     2 |       ||     2
       Bread ration      |     1 |     1 ||     2
       Pizza             |     1 |       ||     1
